 Dungeon Crawl Stone Soup version 0.28.0 (webtiles) character file.

Game seed: 17267466733077712645

46 FreshCat the Grasshopper (level 3, 0/31 HPs)
             Began as a Gnoll Warper on Feb 17, 2022.
             Was an Initiate of Yredelemnul.
             Slain by a river rat (6 damage)
             ... on level 3 of the Dungeon.
             The game lasted 00:09:53 (2295 turns).

FreshCat the Grasshopper (Gnoll Warper)             Turns: 2295, Time: 00:09:54

Health: 0/31       AC:  3    Str: 12    XL:     3   Next: 68%
Magic:  9/9        EV: 12    Int: 12    God:    Yredelemnul [......]
Gold:   41         SH:  0    Dex: 11    Spells: 12/12 levels left

rFire   . . .      SeeInvis .   a - +0 hand axe
rCold   . . .      Faith    .   (no shield)
rNeg    . . .      Spirit   .   b - +0 leather armour
rPois   .          Reflect  .   (no helmet)
rElec   .          Harm     .   (no cloak)
rCorr   .          Rampage  .   (no gloves)
Will    .....                   (no boots)
Stlth   +.........              (no amulet)
HPRegen 0.10/turn               (no ring)
MPRegen 0.11/turn               (no ring)

@: no status effects
A: fangs 1, strong nose, distributed training
a: Renounce Religion, Recall Undead Harvest


You were on level 3 of the Dungeon.
You worshipped Yredelemnul.
Yredelemnul was noncommittal.
You visited 1 branch of the dungeon, and saw 4 of its levels.

You collected 83 gold pieces.
You spent 42 gold pieces at shops.

Inventory:

Hand Weapons
 a - a +0 hand axe (weapon)
 n - a +0 hunting sling
Missiles
 d - 5 boomerangs of dispersal
 e - 14 bolts
 g - 6 javelins (quivered)
 m - 16 stones
Armour
 b - a +0 leather armour (worn)
Jewellery
 o - a +6 ring of intelligence
 q - a ring of positive energy
Scrolls
 c - a scroll of blinking
 h - a scroll of vulnerability {unknown}
 j - 2 scrolls of teleportation
Potions
 f - 2 potions of cancellation {unknown}
 i - 2 potions of haste {unknown}
 k - a potion of mutation {unknown}
 l - a potion of brilliance {unknown}
 p - 2 potions of might {unknown}


   Skills:
 + Level 4.5 Fighting
 + Level 0.9 Short Blades
 + Level 0.9 Long Blades
 + Level 4.5 Axes
 + Level 0.9 Maces & Flails
 + Level 0.9 Polearms
 + Level 0.9 Staves
 + Level 0.9 Slings
 + Level 0.9 Bows
 + Level 0.9 Crossbows
 + Level 2.6 Throwing
 + Level 2.6 Armour
 + Level 4.5 Dodging
 + Level 0.9 Stealth
 + Level 0.9 Shields
 + Level 0.9 Unarmed Combat
 + Level 5.0 Spellcasting
 + Level 0.6 Conjurations
 + Level 0.6 Hexes
 + Level 0.6 Summonings
 + Level 0.6 Necromancy
 + Level 5.4 Translocations
 + Level 0.6 Transmutations
 + Level 0.6 Fire Magic
 + Level 0.6 Ice Magic
 + Level 0.6 Air Magic
 + Level 0.6 Earth Magic
 + Level 0.6 Poison Magic
 + Level 1.0 Invocations
 + Level 0.9 Evocations


You had 12 spell levels left.
You didn't know any spells.
Your spell library contained the following spells:

 Spells                   Type           Power      Damage    Failure   Level
 Blink                    Tloc           32%        N/A       4%          2
 Gell's Gravitas          Tloc           16%        N/A       9%          3
 Lesser Beckoning         Tloc           16%        N/A       9%          3
 Teleport Other           Tloc           16%        N/A       9%          3
 Static Discharge         Conj/Air       4%         N/A       30%         2
 Manifold Assault         Tloc           16%        N/A       58%         5
 Dispel Undead            Necr           4%         3d7       89%         4
 Sticky Flame             Conj/Fire      4%         2d3       89%         4


Dungeon Overview and Level Annotations

Branches:
Dungeon (4/15)
 Temple: D:4-7

Altars:
Yredelemnul

Shops:
D:1 *?[=!


Innate Abilities, Weirdness & Mutations

You have very sharp teeth.
Your uncanny sense of smell can sniff out nearby items.
Your experience applies equally to all skills.


Message History

The adder is heavily wounded.
You feel sick. The adder bites you.
Your ball python zombie barely misses the adder.
Your ball python zombie grabs the adder.
Your ball python zombie constricts the adder.
You hit the adder.
The adder is severely wounded.
You hear the rapid rusting of a drain.
You feel sick. The adder bites you. The adder barely misses you.
Your ball python zombie bites the adder.
Your ball python zombie constricts the adder.
You are too injured to fight recklessly!
You are too injured to fight recklessly!
You are too injured to fight recklessly!
You are too injured to fight recklessly!
You hit the adder.
You kill the adder!
A black mist starts to gather...
You feel sick.
You are no longer poisoned.
Your Invocations skill increases to level 1!
Found an escape hatch in the floor.
A river rat comes into view.
You hit the river rat but do no damage.
Your ball python zombie barely misses the river rat.
Your ball python zombie completely misses the river rat.
The river rat bites you.
You hit the river rat.
You bite the river rat, but do no damage.
The river rat is moderately wounded.
Your ball python zombie barely misses the river rat. x2
The river rat bites you.
* * * LOW HITPOINT WARNING * * *
You hit the river rat but do no damage. Your bite misses the river rat.
The river rat is moderately wounded.
Your ball python zombie bites the river rat but does no damage.
Your ball python zombie grabs the river rat.
Your ball python zombie constricts the river rat.
The river rat bites you.
You die...
Your body rises from the dead as a mindless zombie.

#......# #≈ #....[.# #≈
#......# #≈ #......# #≈
#......# #≈ #......#
#≈## ##......#
#######r#######.......##
.......@ZZ..............
...>....#####...#######.
........+ +....... #.
........# #...###.# #.
........# #...# #.
........# #...# #.
........# ##### #.
........# #. #.


You could see a river rat (ally target), a friendly ball python zombie and a
friendly adder zombie.

Vanquished Creatures
  An adder (D:3)
  2 bats
  6 endoplasms
  A giant cockroach (D:1)
  2 goblins
  5 hobgoblins
  4 ball pythons
  5 frilled lizards
  4 kobolds
  3 rats (D:1)
33 creatures vanquished.

Vanquished Creatures (collateral kills)
  A bat (D:1)
  A goblin (D:1)
2 creatures vanquished.

Vanquished Creatures (others)
  8 plants (D:1)
8 creatures vanquished.

Grand Total: 43 creatures vanquished

Notes
Turn   | Place    | Note
-------+----------+-------------------------------------------
     0 | D:1      | FreshCat the Gnoll Warper began the quest for the Orb.
     0 | D:1      | Reached XP level 1. HP: 20/20 MP: 6/6
   242 | D:1      | Reached XP level 2. HP: 22/26 MP: 7/7
   479 | D:1      | Found a faded altar of an unknown god.
   485 | D:1      | Prayed at the altar of an unknown god.
   485 | D:1      | Became a worshipper of Yredelemnul the Dark
   485 | D:1      | Reached * piety under Yredelemnul
   659 | D:1      | Found Nyoboly's Distillery.
   727 | D:1      | Found Aduplar's Magic Scroll Boutique.
   739 | D:1      | Found Joczir's General Store.
  1065 | D:1      | Found Etoas's Jewellery Shop.
  1095 | D:1      | Found Iminakhla's Armour Boutique.
  1099 | D:1      | Reached XP level 3. HP: 29/31 MP: 9/9
  1412 | D:2      | Reached skill level 5 in Spellcasting
  2193 | D:1      | Bought a scroll of teleportation for 42 gold pieces
  2285 | D:3      | Reached skill level 1 in Invocations
  2295 | D:3      | Slain by a river rat

Illustrated notes

Levels and vault maps discovered:
D:1:      lemuel_arrival_hallway, layout_basic,
          dreamdust_ecumenical_altar_angels_and_demons, serial_shops,
          nicolae_square_shop, shop_statue, shop, shop, shop, serial_forest,
          infiniplex_forest_straight_3, infiniplex_forest_clump_cross,
          infiniplex_forest_clump_C, infiniplex_forest_diagonal,
          infiniplex_forest_lined_corner, infiniplex_forest_end_2,
          infiniplex_forest_lined_room_3, minmay_misc_feat_doors,
          minmay_tetromino_t2
D:2:      layout_basic
D:3:      layout_basic, mainiacjoe_overflow_tiny_flanked, gup_sewer_entry_spiral
D:4:      layout_rooms, serial_curves, eino_curves_04, eino_curves_02,
          uniq_eustachio

Skill      XL: |  1  2  3 |
---------------+----------+-----
Spellcasting   | 5 |  5.0
Invocations    | 1 |  1.0
Fighting       | |  4.5
Short Blades   | |  0.9
Long Blades    | |  0.9
Axes           | |  4.5
Maces & Flails | |  0.9
Polearms       | |  0.9
Staves         | |  0.9
Slings         | |  0.9
Bows           | |  0.9
Crossbows      | |  0.9
Throwing       | |  2.6
Armour         | |  2.6
Dodging        | |  4.5
Stealth        | |  0.9
Shields        | |  0.9
Unarmed Combat | |  0.9
Conjurations   | |  0.6
Hexes          | |  0.6
Summonings     | |  0.6
Necromancy     | |  0.6
Translocations | |  5.4
Transmutations | |  0.6
Fire Magic     | |  0.6
Ice Magic      | |  0.6
Air Magic      | |  0.6
Earth Magic    | |  0.6
Poison Magic   | |  0.6
Evocations     | |  0.9

Action                   || total
-------------------------++-------
Melee: Hand axe          ||   112
       Bite              ||     6
Invok: Recall Undead Har ||     2
 Stab: Distracted        ||     1
Armor: Leather armour    ||    29
Dodge: Dodged            ||    67
